General information
			
			
        
        - name: 1v1 mv obs 2
 
        - type: Custom game
 
        - host: eGPure
 
        - saver: STARCRAFTLEGEND
 
        
map: MeltingValley 
        - players: 12
 
        - length: 09:53
 
        - speed: Fast
 - version: 1.22 W3XP
 - replay type:  Public
 
» download(67 KB)
Players
        team 1 (winner) 
              
              
eGPure (
yellow | 241 APM | 2387 actions | 09:53)
              
 4 Death Knight 
 2 Death Coil
 2 Unholy Aura
 2 Lich 
 1 Frost Armor
 1 Frost Nova
 
                » actions 
                
                | Assign group hotkey | 69 |  | 
| Build / train | 31 |  | 
| Enter build submenu | 13 |  | 
| Enter hero's abilities submenu | 8 |  | 
| Give item / drop item | 6 |  | 
| Right click | 812 |  | 
| Select / deselect | 417 |  | 
| Select group hotkey | 967 |  | 
| Use ability | 64 |  | 
                2387 total
 » units 
                
                | Acolyte | 2 |  | 
| Ghoul | 2 |  | 
| Crypt Fiend | 4 |  | 
| Obsidian Statue | 2 |  | 
                10 total
 » upgrades
                » buildings
                
                | Graveyard | 1 |  | 
| Crypt | 1 |  | 
| Altar of Darkness | 1 |  | 
| Ziggurat | 4 |  | 
| Tomb of Relics | 1 |  | 
| Nerubian Tower | 1 |  | 
| Halls of the Dead | 1 |  | 
| Slaughterhouse | 1 |  | 
| Black Citadel | 1 |  | 
                12 total
 » build order
                00:04 Graveyard
00:07 Crypt
00:38 Altar of Darkness
00:54 Ziggurat
01:20 Tomb of Relics
01:57 Ziggurat
02:07 Nerubian Tower
03:57 Halls of the Dead
04:41 Ziggurat
06:24 Slaughterhouse
06:45 Ziggurat
07:34 Black Citadel
» items
                
                | Rod of Necromancy | 3 |  | 
| Dust of Appearance | 2 |  | 
| Potion of Healing | 1 |  | 
| Sacrificial Skull | 1 |  | 
| Scroll of Healing | 1 |  | 
| Potion of Lesser Invulnerability | 1 |  | 
                9 total
  
               team 2 (loser) 
              
              
POwer]Neutral (
orange | 74 APM | 736 actions | 09:53)
              
 2 Blademaster 
 1 Wind Walk
 1 Critical Strike
 1 Tauren Chieftain 
 1 War Stomp
 
                » actions 
                
                | Assign group hotkey | 15 |  | 
| Build / train | 36 |  | 
| Enter build submenu | 9 |  | 
| Enter hero's abilities submenu | 3 |  | 
| Give item / drop item | 1 |  | 
| Remove unit from queue | 1 |  | 
| Right click | 348 |  | 
| Select / deselect | 133 |  | 
| Select group hotkey | 140 |  | 
| Use ability | 50 |  | 
                736 total
 » units 
                » buildings
                
                | Altar of Storms | 1 |  | 
| Orc Burrow | 5 |  | 
| Voodoo Lounge | 1 |  | 
| Stronghold | 2 |  | 
| Beastiary | 2 |  | 
                11 total
 » build order
                00:04 Altar of Storms
00:10 Orc Burrow
00:56 Voodoo Lounge
02:16 Stronghold
02:16 Stronghold
02:42 Orc Burrow
03:40 Orc Burrow
04:38 Beastiary
04:41 Beastiary
05:23 Orc Burrow
08:12 Orc Burrow
» items
                
                | Healing Salve | 3 |  | 
| Lesser Clarity Potion | 4 |  | 
| Circlet of Nobility | 2 |  | 
| Boots of Speed | 1 |  | 
| Potion of Healing | 1 |  | 
| Potion of Mana | 1 |  | 
                12 total
  
               observerslagginglol, 
CumGuslingSIut, 
beru, 
Arab.On.A.Bike, 
WhatWhenWhy, 
Z1gZak, 
Chubachka, 
Redbull[cF], 
pinkfloydian, 
STARCRAFTLEGEND Chat log
          (00:15 / Observers) beru: ;p
(00:28 / All) eGPure: u might not want to talk shit
(00:34 / All) POwer]Neutral: sorry :)
(00:44 / All) eGPure: its not for my benefit
(00:57 / Observers) pinkfloydian: lol
(01:05 / All) POwer]Neutral: u give me ur acc
(01:05 / Observers) pinkfloydian: pure is meany
(01:11 / All) eGPure: why on earth
(01:13 / All) eGPure: would i do that
(01:19 / All) POwer]Neutral: im give mine
(01:21 / Observers) lagginglol: pretty sure oj hacks.  last game I watched him play he did
(01:24 / All) eGPure: i dont want urs
(01:30 / Observers) pinkfloydian: lol!
(01:33 / All) eGPure: i dont need it?
(01:57 / Observers) pinkfloydian: lets pay attentio
(02:00 / Observers) pinkfloydian: see if he hacks
(02:03 / Observers) beru: ok
(02:04 / All) POwer]Neutral: i dont know
(02:05 / All) POwer]Neutral: this map
(02:13 / All) POwer]Neutral: with bm
(02:23 / All) eGPure: well greens
(02:26 / Observers) pinkfloydian: ?
(02:26 / All) eGPure: are a good place to start
(02:42 / Observers) beru: green ? 
(02:46 / Observers) lagginglol: green creeps
(02:50 / Observers) beru: ah
(02:50 / Observers) beru: lol
(03:02 / Observers) pinkfloydian: ok ok
(03:05 / Observers) lagginglol: haha
(03:05 / Observers) WhatWhenWhy: lo
(03:07 / Observers) pinkfloydian: he got it
(03:10 / Observers) lagginglol: owned by creep
(03:18 / All) eGPure: thats not good
(03:23 / Observers) pinkfloydian: ^^
(03:39 / Observers) pinkfloydian: I love playing/watching this stoned
(03:52 / All) POwer]Neutral: WHY ALL ELACWE
(04:57 / All) POwer]Neutral: u are
(05:38 / Observers) beru: ;p
(05:40 / Observers) pinkfloydian: lol
(05:45 / Observers) pinkfloydian: ^^
(06:01 / Observers) beru: omg
(06:08 / Observers) pinkfloydian: ...lol?
(06:10 / All) POwer]Neutral: wtf
(06:13 / All) eGPure: no i dont lol
(06:41 / Observers) beru: LOL
(06:46 / Observers) lagginglol: what'ya tell ya
(07:39 / Observers) pinkfloydian: tc = fiend raper
(07:42 / Observers) beru: LOL
(07:43 / Observers) beru: oj
(07:45 / Observers) beru: hack
(07:53 / All) POwer]Neutral: STOP HACK
(07:56 / All) eGPure: lol..
(07:58 / Observers) beru: lol.
(08:00 / Observers) STARCRAFTLEGEND: yellow hacks
(08:01 / Observers) STARCRAFTLEGEND: too
(08:05 / Observers) beru: i dont know
(08:15 / Observers) STARCRAFTLEGEND: they both hack
(08:17 / Observers) STARCRAFTLEGEND: u can tell yellow hacks
(08:20 / Observers) pinkfloydian: agreed
(08:24 / Observers) pinkfloydian: yes
(08:28 / Observers) pinkfloydian: that was weird
(08:50 / Observers) WhatWhenWhy: lol
(09:09 / Observers) pinkfloydian: lolz..
(09:15 / All) eGPure: no hack
(09:39 / All) eGPure: sure